[Event "1st Bangalore GM-Open-A 2024"]
[Site "Bangalore"]
[Date "2024.01.23"]
[Round "7.26"]
[White "Apoorv Kamble"]
[Black "Das, Sayantan"]
[Result "0-1"]
[ECO "B32"]
[WhiteElo "2308"]
[BlackElo "2514"]
[Annotator "TA"]
[PlyCount "92"]
[EventDate "2024.01.20"]
[EventType "swiss"]
[EventCountry "IND"]
[SourceTitle "playchess.com"]
[Source "ChessBase"]
[SourceQuality "1"]
[TimeControl "5400+30"]

1. e4 c5 2. Nf3 Nc6 3. d4 cxd4 4. Nxd4 e5 5. Nb5 d6 6. c4 Be6 7. N1c3 a6 8. Na3 g6 9. Be3 Nf6 10. Be2 {[%emt 0:01:30] Prevents Ng4} Bg7 {[%emt 0:00:48] The position is equal.} 11. O-O O-O 12. c5 {[%emt 0:04:27] [#]} (12. f3 $11 {keeps the balance.}) 12... Nd4 $1 $17 13. cxd6 Qxd6 14. Nc4 Qc7 15. Bxd4 exd4 ({Of course not} 15... Bxc4 16. Be3 $11) 16. Qxd4 b5 17. Qd6 (17. Qb6 $15 Qa7 18. Qxa7 Rxa7 19. Nd6) 17... Qd8 18. Qxd8 Raxd8 19. Na5 {[%emt 0:09:36] [#]} ({White should try} 19. Ne3) 19... Rd2 $1 {[%emt 0:02:58][%cal Ob5b4] ...b4! is the strong threat.} (19... b4 20. Nd1 Nxe4 21. Nc6) 20. Bf3 Rxb2 {[%emt 0:00:34] Black has more active pieces.} 21. Nd5 Nd7 22. Rfb1 {[%emt 0:02:33] [#]} Ne5 $1 23. Rxb2 {[%emt 0:04:03] aiming for Rab1.} Nxf3+ 24. gxf3 {[%emt 0:00:02][%cal Oa1b1] Rab1! would now be deadly.} Bxb2 25. Rb1 Be5 26. Nb3 {[%emt 0:07:03] Black converts the advantage convincingly.} Bd6 27. Nd4 (27. Rd1 $142) 27... Bh3 (27... Bxd5 $142 28. exd5 Re8) 28. Rc1 {[%emt 0:00:41] [#]} (28. Rd1 $142) 28... Kg7 $1 29. Rc6 {[%emt 0:00:44] [#]} (29. Nb6 $17 {was necessary.}) 29... Rc8 $1 $19 30. Rxc8 Bxc8 {[%emt 0:00:02][%mdl 4096] Endgame. KBB-KNN} 31. Kg2 Bb7 32. Ne3 Kf6 {[%emt 0:01:05] Inhibits Ndf5.} 33. Ng4+ Ke7 34. h3 Bc5 35. Nc2 (35. Nb3 {was called for.} Bb6 36. Kg3) 35... Ke6 ({Don't play} 35... f5 36. exf5 gxf5 37. Ne5) 36. Nge3 a5 37. Ne1 b4 38. Nc4 a4 39. Nd3 Bf8 40. Nf4+ Kf6 41. Kf1 (41. h4 $142) 41... Ba6 42. Nd5+ Kg5 43. Nde3 a3 {[%emt 0:00:22] Strongly threatening ...Kf4.} 44. f4+ Kxf4 {[%emt 0:00:24] ( -> ...Bxc4+)} 45. Ke1 Bxc4 46. Nxc4 b3 {[%emt 0:00:07] Weighted Error Value: White=0.81/Black=0.07 (flawless) .  Mistake:       	White=8     	Black=1      Inaccurate:     	White=1     	Black=1      OK:         	White=12    	Black=15     Best:        	White=1     	Black=3      Strong:       	---       	Black=1} 0-1

[Event "1st Bangalore GM-Open-A 2024"]
[Site "Bangalore"]
[Date "2024.01.23"]
[Round "7.27"]
[White "Goutham Krishna H"]
[Black "Stany, G.A."]
[Result "1/2-1/2"]
[ECO "D11"]
[WhiteElo "2288"]
[BlackElo "2459"]
[Annotator "RC"]
[PlyCount "62"]
[EventDate "2024.01.20"]
[EventType "swiss"]
[EventCountry "IND"]
[SourceTitle "playchess.com"]
[Source "ChessBase"]
[SourceQuality "1"]
[TimeControl "5400+30"]

1. d4 d5 2. Nf3 Nf6 3. c4 c6 4. Nbd2 Bf5 5. Nh4 Be4 6. f3 Bg6 7. Qb3 Qc7 8. cxd5 cxd5 9. Nxg6 hxg6 10. e4 dxe4 11. fxe4 e6 12. e5 Nd5 13. Bc4 Nc6 14. Bxd5 exd5 15. Nf3 Bb4+ 16. Kf2 Qd7 17. Be3 Ba5 18. Rhf1 O-O-O 19. Kg1 f6 20. Rac1 Kb8 21. Ne1 Bb6 22. exf6 gxf6 23. Rxf6 Nxd4 24. Qd3 Qg4 25. Nf3 Rd6 26. h3 Qg3 27. Rf7 Nxf3+ 28. Rxf3 Qe5 29. Bxb6 Rxb6 30. b3 Rd8 31. Re3 Qd6 1/2-1/2

[Event "1st Bangalore GM-Open-A 2024"]
[Site "Bangalore"]
[Date "2024.01.23"]
[Round "7.28"]
[White "Srihari L"]
[Black "Sharan, Rao"]
[Result "1-0"]
[ECO "C05"]
[WhiteElo "2288"]
[BlackElo "2433"]
[Annotator "RC"]
[PlyCount "89"]
[EventDate "2024.01.20"]
[EventType "swiss"]
[EventCountry "IND"]
[SourceTitle "playchess.com"]
[Source "ChessBase"]
[SourceQuality "1"]
[TimeControl "5400+30"]

1. e4 e6 2. d4 d5 3. Nc3 Nf6 4. e5 Nfd7 5. Nce2 c5 6. c3 cxd4 7. cxd4 Nc6 8. f4 Qb6 9. Nf3 Be7 10. h4 f6 11. Bd2 O-O 12. Bc3 Rf7 13. Ng3 Nf8 14. Bd3 Bd7 15. h5 Rc8 16. Qd2 a6 17. Nf1 Qc7 18. Ne3 Na7 19. g4 Nb5 20. Bg6 hxg6 21. hxg6 Nxg6 22. Qh2 Rff8 23. f5 Nf4 24. Qxf4 Nxc3 25. bxc3 Qxc3+ 26. Kf2 fxe5 27. Nxe5 Qd2+ 28. Kf3 exf5 29. g5 Bxg5 30. Qxg5 Rc2 31. Qh4 Qe2+ 32. Kf4 Qf2+ 33. Qxf2 Rxf2+ 34. Kg3 Rd2 35. Nxd5 f4+ 36. Kh4 g5+ 37. Kxg5 Rg2+ 38. Kh6 Rd8 39. Nxf4 Rd2 40. Rag1+ Kf8 41. Nfg6+ Kg8 42. Ne7+ Kf8 43. Rg7 Be6 44. N7g6+ Ke8 45. Re7# 1-0

[Event "1st Bangalore GM-Open-A 2024"]
[Site "Bangalore"]
[Date "2024.01.23"]
[Round "7.29"]
[White "Adireddy Arjun"]
[Black "Ajay Santhosh Parvathareddy"]
[Result "0-1"]
[ECO "B90"]
[WhiteElo "2415"]
[BlackElo "2204"]
[Annotator "TA"]
[PlyCount "76"]
[EventDate "2024.01.20"]
[EventType "swiss"]
[EventCountry "IND"]
[SourceTitle "playchess.com"]
[Source "ChessBase"]
[SourceQuality "1"]
[TimeControl "5400+30"]

1. e4 c5 2. Nf3 d6 3. d4 cxd4 4. Nxd4 Nf6 5. Nc3 a6 6. Be3 Ng4 7. Bc1 Nf6 8. f3 e5 9. Nb3 Be6 10. Be3 Be7 11. Qd2 h5 12. O-O-O Nbd7 13. Kb1 Rc8 14. Nd5 Nxd5 15. exd5 Bf5 {[%emt 0:00:08] OK} 16. Bd3 {[%emt 0:01:00] OK. The position is equal.} Bxd3 {[%emt 0:00:08] OK} 17. Qxd3 Bg5 {[%emt 0:00:04] OK} 18. Bf2 {[%emt 0:15:58] OK} Qc7 {[%emt 0:00:14] OK} 19. h4 Bf4 20. g3 Bh6 {[%emt 0:00:04] OK} 21. g4 {[%emt 0:10:31] Hoping for g5.} Bf4 {[%emt 0:00:07] OK} 22. Nd2 hxg4 23. fxg4 Bxd2 24. Qxd2 Nf6 {[%emt 0:02:33] OK} 25. g5 {[%emt 0:19:23] White does not recover from this. Loses game (1.8)} (25. Rhg1 $1 $11 {and White stays safe.}) 25... Ne4 $19 {[%emt 0:00:04] Best (Easy)} 26. Qe2 {[%emt 0:00:05] [#] OK} Qxc2+ {[%emt 0:00:23][%mdl 512] Brilliant} 27. Qxc2 Rxc2 28. Kxc2 {[%emt 0:00:23] Mistake (0.5)} (28. Be1 {was worth a try.} Rc7 29. Ba5) 28... Nxf2 {[%emt 0:00:05] Best (Easy)} 29. h5 {[%emt 0:04:08] OK} Nxd1 30. Kxd1 {[%emt 0:00:08][%mdl 4096] Endgame. [#] KR-KR} f6 $1 {[%emt 0:01:23] OK} 31. gxf6 gxf6 32. Ke2 {[%emt 0:03:49] Inaccurate} Kf7 33. Kf3 {[%emt 0:01:12] OK} f5 {[%emt 0:00:15] OK} 34. Rc1 $2 {[%emt 0:02:35] Mistake (2.4)} (34. Kg2 {was called for.}) 34... Rxh5 {[%emt 0:00:41] Best} 35. Rc7+ Kf6 {[%emt 0:00:04] OK} 36. Rxb7 e4+ 37. Ke3 Ke5 {[%emt 0:00:07] Strongly threatening ...f4+.} 38. Rb6 Rh2 {[%emt 0:00:06] Weighted Error Value: White=0.85/Black=0.06 (flawless) . Best.  Loses game:     	White=1     	---        Mistake:       	White=2     	---        Inaccurate:     	White=1     	---        OK:         	White=5     	Black=10     Best:        	---       	Black=4      Brilliant:      	---       	Black=1} 0-1

[Event "1st Bangalore GM-Open-A 2024"]
[Site "Bangalore"]
[Date "2024.01.23"]
[Round "7.30"]
[White "Aakash Sharadchandra, Dalvi"]
[Black "Vishnu Prasanna. V"]
[Result "1/2-1/2"]
[ECO "E43"]
[WhiteElo "2180"]
[BlackElo "2413"]
[Annotator "RC"]
[PlyCount "92"]
[EventDate "2024.01.20"]
[EventType "swiss"]
[EventCountry "IND"]
[SourceTitle "playchess.com"]
[Source "ChessBase"]
[SourceQuality "1"]
[TimeControl "5400+30"]

1. d4 Nf6 2. c4 e6 3. Nf3 h6 4. Nc3 Bb4 5. Bd2 O-O 6. e3 b6 7. Bd3 Bb7 8. O-O d6 9. a3 Bxc3 10. Bxc3 Ne4 11. Be1 c5 12. b4 Nd7 13. dxc5 dxc5 14. Qc2 Nd6 15. Bc3 Qe7 16. b5 e5 17. Be2 Rfd8 18. a4 a5 19. Bb2 e4 20. Nd2 Ne5 21. Qc3 f6 22. Rfd1 Rd7 23. Nf1 Qe6 24. Rac1 Rad8 25. Ng3 Ndf7 26. Rxd7 Rxd7 27. Qc2 Nd3 28. Rd1 Nb4 29. Qb1 Rxd1+ 30. Qxd1 Bc8 31. h3 Qe7 32. Bg4 Be6 33. Nf5 Qe8 34. Ng3 Nd3 35. Bxf6 Nd6 36. Bc3 Bxc4 37. Nf5 Nxf5 38. Bxf5 h5 39. f3 Bd5 40. fxe4 Bxe4 41. Bxe4 Qxe4 42. Qxh5 Qxe3+ 43. Kh2 Qf4+ 44. Kg1 Qe3+ 45. Kh2 Qf4+ 46. Kg1 Qe3+ 1/2-1/2

[Event "1st Bangalore GM-Open-A 2024"]
[Site "Bangalore"]
[Date "2024.01.23"]
[Round "7.31"]
[White "De Silva, L M S T"]
[Black "Frayna, Janelle Mae"]
[Result "1-0"]
[ECO "C43"]
[WhiteElo "2398"]
[BlackElo "2197"]
[Annotator "RC"]
[PlyCount "105"]
[EventDate "2024.01.20"]
[EventType "swiss"]
[EventCountry "IND"]
[SourceTitle "playchess.com"]
[Source "ChessBase"]
[SourceQuality "1"]
[TimeControl "5400+30"]

1. e4 e5 2. Nf3 Nf6 3. d4 Nxe4 4. Bd3 d5 5. Nxe5 Nd7 6. Nxd7 Bxd7 7. O-O Bd6 8. Nc3 Nxc3 9. bxc3 O-O 10. Qh5 f5 11. Re1 c6 12. Bg5 Qc7 13. c4 Be8 14. Qh3 dxc4 15. Bxc4+ Bf7 16. Bd3 g6 17. Qh4 Rfe8 18. Bf6 Rxe1+ 19. Rxe1 Re8 20. Rxe8+ Bxe8 21. Qh6 Bf8 22. Qg5 Bg7 23. Bxg7 Qxg7 24. Qd8 Kf8 25. h4 Qe7 26. Qb8 Qxh4 27. Qxa7 Qe7 28. Qa5 Bf7 29. c4 f4 30. Qd2 g5 31. Be2 h5 32. d5 cxd5 33. cxd5 Bxd5 34. Qxd5 Qxe2 35. Qf5+ Ke8 36. Qc8+ Ke7 37. Qxb7+ Kf6 38. Qc6+ Kg7 39. Qd7+ Kg6 40. Qd6+ Kh7 41. Qc7+ Kg6 42. Qb6+ Kg7 43. Qd4+ Kg6 44. a4 h4 45. Kh2 Kf5 46. Qd7+ Kg6 47. Qc6+ Kg7 48. Qc7+ Kf8 49. Qc5+ Kf7 50. Qf5+ Ke8 51. Qb5+ Qxb5 52. axb5 g4 53. f3 1-0

[Event "1st Bangalore GM-Open-A 2024"]
[Site "Bangalore"]
[Date "2024.01.23"]
[Round "7.32"]
[White "Nayak Rajesh"]
[Black "Thilakarathne, G M H"]
[Result "0-1"]
[ECO "C00"]
[WhiteElo "2170"]
[BlackElo "2391"]
[Annotator "TA"]
[PlyCount "68"]
[EventDate "2024.01.20"]
[EventType "swiss"]
[EventCountry "IND"]
[SourceTitle "playchess.com"]
[Source "ChessBase"]
[SourceQuality "1"]
[TimeControl "5400+30"]

1. e4 e6 2. Qe2 c5 3. Nf3 Nc6 4. g3 g5 5. h3 Bg7 6. d3 h6 {[%emt 0:00:19] OK} 7. Bg2 Nge7 {[%emt 0:00:26] OK} 8. c3 {[%emt 0:05:19] The position is equal.} d5 9. O-O b6 {[%emt 0:03:20] OK} 10. Re1 {[%emt 0:00:43] OK} Ba6 11. exd5 {[%emt 0:02:59] OK} Nxd5 {[%emt 0:03:02] Mistake (0.7)} ({Black should play} 11... Qxd5 $15 12. Nd4 (12. Nxg5 Qxd3 13. Qxd3 Bxd3 $15) 12... Qd6 13. Nxc6 Nxc6) 12. c4 {[%emt 0:06:19] Mistake (0.5)} (12. Nbd2 {is superior.}) 12... Nde7 $11 {[%emt 0:02:23] OK} 13. Nc3 {[%emt 0:00:47] Inaccurate} Qd7 {[%emt 0:01:07] OK} 14. Nd5 $2 {[%emt 0:05:32] Mistake (1.6)} exd5 $19 {[%emt 0:05:37] OK} 15. cxd5 Nb4 {[%emt 0:13:06] OK} ({Much less strong is} 15... Qxd5 16. Nxg5 (16. Nd4 Qxg2+ 17. Kxg2 Bxd4 $17) 16... Qe5 17. Bxc6+ Nxc6 18. Qd1 hxg5 19. Rxe5+ Bxe5 20. Qf3 $17) 16. Ne5 {[%emt 0:11:04] [#] OK} Qd6 {[%emt 0:03:52] Mistake (0.9)} ({Black should try} 16... Bxe5 $1 $19 17. Qxe5 O-O-O 18. Qxe7 Nc2 19. Qxd7+ Kxd7) 17. a3 {[%emt 0:01:00] Mistake (0.5)} (17. Nc4 $17 {keeps fighting.} Bxc4 18. dxc4) 17... Nbxd5 {[%emt 0:17:15] aiming for ...0-0.} ({Avoid the trap} 17... Qxe5 $2 18. Qxe5 Bxe5 19. axb4 Bxd3 20. d6 (20. Rxe5 Kd7 $18) 20... Bxd6 21. Bxa8 $18) 18. Nc6 $2 {[%emt 0:14:30] Loses game (1.8)} (18. Nc4 $17 {only move.} Qe6 19. Bxd5 Qxe2 (19... Nxd5 20. Qd1 $16) 20. Rxe2) 18... Kd7 {[%emt 0:02:47] Best (Easy)} (18... Qxc6 19. Qxe7+ Nxe7 20. Bxc6+ Kd8 21. Bxa8 $16) 19. Nxe7 {[%emt 0:01:20] OK} Nxe7 20. Bxa8 Rxa8 21. Qf3 Rf8 {[%emt 0:04:31][%cal Od7c7] OK} (21... Qxd3 $2 {loses.} 22. Qxa8 (22. Rd1 Qxd1+ 23. Qxd1+ Kc7 $18) 22... Nc8 23. Bxg5 hxg5 24. Rad1 $18) 22. d4 Bxd4 {[%emt 0:04:40] OK} (22... cxd4 23. Bd2 Rc8 24. Bb4 $15) 23. h4 f6 {[%emt 0:01:38] And now ...Kc7 would win. OK} 24. hxg5 {[%emt 0:00:09] Mistake (4.2)} (24. Be3 $142) 24... fxg5 25. Qg4+ {[%emt 0:00:43] OK} Nf5 26. Be3 Kc7 {[%emt 0:00:37] ...Nxe3 would now be deadly.} 27. Rad1 Bb7 {[%emt 0:00:14] White must now prevent ...Qd5.} 28. Qh3 Nxe3 29. Rxe3 Qf6 30. Re2 Bxf2+ (30... Bxb2 $2 31. Qd7+ Kb8 32. Rxb2 $19) 31. Kh2 Bd4 {[%emt 0:00:08][%cal Of6f2] ( -> ...Qf2+!)} 32. Rde1 {[%emt 0:00:07] [#]} Qf2+ $3 {[%emt 0:01:08][%mdl 512] Black mates.} 33. Rxf2 Rxf2+ 34. Kg1 Rxb2+ {[%emt 0:00:17] Weighted Error Value: White=0.96/Black=0.33.  Loses game:     	White=1     	---        Mistake:       	White=4     	Black=2      Inaccurate:     	White=1     	---        OK:         	White=5     	Black=10     Best:        	---       	Black=1} 0-1

[Event "1st Bangalore GM-Open-A 2024"]
[Site "Bangalore"]
[Date "2024.01.23"]
[Round "7.33"]
[White "Nitin, S.."]
[Black "Sharma Isha"]
[Result "1-0"]
[ECO "A11"]
[WhiteElo "2385"]
[BlackElo "2183"]
[Annotator "RC"]
[PlyCount "73"]
[EventDate "2024.01.20"]
[EventType "swiss"]
[EventCountry "IND"]
[SourceTitle "playchess.com"]
[Source "ChessBase"]
[SourceQuality "1"]
[TimeControl "5400+30"]

1. Nf3 d5 2. g3 Nf6 3. Bg2 c6 4. c4 Bf5 5. O-O e6 6. d3 h6 7. cxd5 exd5 8. Qb3 Qb6 9. Qc2 Nbd7 10. e4 dxe4 11. dxe4 Bh7 12. Nbd2 Be7 13. Nc4 Qc5 14. b4 Qh5 15. Nh4 O-O 16. Nf5 Bxf5 17. exf5 Nb6 18. Ne5 Bxb4 19. h3 Bd6 20. f4 Nfd7 21. Bb2 Rfd8 22. Rae1 Nxe5 23. fxe5 Bb4 24. Re2 Qg5 25. Qb3 Rd2 26. Bc1 Bc5+ 27. Kh1 Rxe2 28. Bxg5 hxg5 29. Qc3 Bf8 30. f6 g6 31. Bf3 Nd5 32. Qd4 Rc2 33. e6 Bc5 34. exf7+ Kxf7 35. Bxd5+ cxd5 36. Qxd5+ Kf8 37. Qxb7 1-0

[Event "1st Bangalore GM-Open-A 2024"]
[Site "Bangalore"]
[Date "2024.01.23"]
[Round "7.34"]
[White "Rajarishi Karthi"]
[Black "Thejkumar, M. S."]
[Result "1-0"]
[ECO "A57"]
[WhiteElo "2183"]
[BlackElo "2372"]
[Annotator "RC"]
[PlyCount "75"]
[EventDate "2024.01.20"]
[EventType "swiss"]
[EventCountry "IND"]
[SourceTitle "playchess.com"]
[Source "ChessBase"]
[SourceQuality "1"]
[TimeControl "5400+30"]

1. d4 Nf6 2. c4 c5 3. d5 b5 4. Qc2 bxc4 5. e4 e6 6. Bxc4 exd5 7. exd5 d6 8. Ne2 Be7 9. O-O O-O 10. Ng3 Nbd7 11. Nc3 Nb6 12. b3 Nxc4 13. bxc4 Ng4 14. Bb2 Rb8 15. Rab1 f5 16. Nh5 Ne5 17. Nb5 f4 18. Rbe1 Rf5 19. Nxa7 Rxh5 20. Bxe5 dxe5 21. Nc6 Qc7 22. Nxb8 Qxb8 23. Rb1 Qd6 24. Qa4 Kf7 25. Qa7 Rh6 26. Rfe1 f3 27. Rb3 e4 28. g3 Qg6 29. Rxf3+ Ke8 30. Rf4 e3 31. Qb8 Kd8 32. Rxe3 Qd6 33. Qb5 Qb6 34. Rf7 Qxb5 35. cxb5 Bf6 36. b6 Bd4 37. Rb3 c4 38. b7 1-0

[Event "1st Bangalore GM-Open-A 2024"]
[Site "Bangalore"]
[Date "2024.01.23"]
[Round "7.35"]
[White "Aquino, Jethro Dino"]
[Black "Aswath, S."]
[Result "0-1"]
[ECO "B90"]
[WhiteElo "2166"]
[BlackElo "2369"]
[Annotator "RC"]
[PlyCount "106"]
[EventDate "2024.01.20"]
[EventType "swiss"]
[EventCountry "IND"]
[SourceTitle "playchess.com"]
[Source "ChessBase"]
[SourceQuality "1"]
[TimeControl "5400+30"]

1. e4 c5 2. Nf3 d6 3. d4 cxd4 4. Nxd4 Nf6 5. Nc3 a6 6. f3 e5 7. Nb3 Be7 8. Be3 Be6 9. Qd2 h5 10. Nd5 Nxd5 11. exd5 Bf5 12. Be2 a5 13. a4 Nd7 14. c4 O-O 15. O-O h4 16. Bd3 Bxd3 17. Qxd3 Bg5 18. Bf2 b6 19. Ra3 f5 20. Nc1 h3 21. Ne2 Rc8 22. Rc3 hxg2 23. Kxg2 Qe8 24. Ng3 Qg6 25. Kh1 Rce8 26. Bg1 Qh7 27. Rb3 Qh3 28. Qe2 Rc8 29. Rc3 Qh4 30. Bf2 Bf4 31. Rg1 Rce8 32. Be1 Qh3 33. Qf1 Qxf1 34. Nxf1 Nc5 35. b3 Kf7 36. Ng3 Rh8 37. Rg2 g6 38. Ne2 Bh6 39. Bf2 Bg7 40. Rc1 e4 41. fxe4 Rxe4 42. Ng3 Rf4 43. Ne2 Rf3 44. Bxc5 bxc5 45. Rg3 Rxg3 46. Nxg3 Re8 47. Kg2 Re3 48. Rb1 Be5 49. Kf2 Rc3 50. Nf1 Rc2+ 51. Kf3 g5 52. h3 Rc3+ 53. Kg2 Rd3 0-1

[Event "1st Bangalore GM-Open-A 2024"]
[Site "Bangalore"]
[Date "2024.01.23"]
[Round "7.36"]
[White "Fronda, Jan Jodilyn"]
[Black "Gonzales, Jayson"]
[Result "1/2-1/2"]
[ECO "B06"]
[WhiteElo "2151"]
[BlackElo "2367"]
[Annotator "RC"]
[PlyCount "146"]
[EventDate "2024.01.20"]
[EventType "swiss"]
[EventCountry "IND"]
[SourceTitle "playchess.com"]
[Source "ChessBase"]
[SourceQuality "1"]
[TimeControl "5400+30"]

1. e4 g6 2. d4 Bg7 3. Nc3 c6 4. Be3 d6 5. g3 Nd7 6. a4 e5 7. Nge2 Ngf6 8. h3 O-O 9. Bg2 exd4 10. Bxd4 Qe7 11. O-O Nc5 12. Re1 a5 13. Nf4 Ncd7 14. Qd2 Ne5 15. b3 Re8 16. Rad1 Qc7 17. Kh2 h5 18. Nfe2 h4 19. f4 hxg3+ 20. Nxg3 Ned7 21. Qf2 Nf8 22. Kh1 Ne6 23. Bb6 Qe7 24. Nd5 cxd5 25. exd5 Nxd5 26. Rxd5 f5 27. Qd2 Bd7 28. Re3 Bc6 29. Ne2 Bxd5 30. Bxd5 Qd7 31. Nd4 Bxd4 32. Bxd4 Kh7 33. Rxe6 Rxe6 34. Qf2 Qe7 35. Bxe6 Qxe6 36. Qh4+ Kg8 37. Qh8+ Kf7 38. Qxa8 Qe4+ 39. Kg1 Qxd4+ 40. Kg2 Qe4+ 41. Kg3 Qe3+ 42. Kg2 Qe4+ 43. Kg3 Qe3+ 44. Kg2 Qe2+ 45. Kg3 Qe1+ 46. Kg2 Qd2+ 47. Kg1 Qc1+ 48. Kg2 Qxc2+ 49. Kg1 Qxb3 50. Qxa5 Qg3+ 51. Kf1 Qxf4+ 52. Kg2 Qe4+ 53. Kg1 f4 54. Qc7+ Ke6 55. Qc8+ Ke5 56. Qh8+ Kd5 57. Qc8 Kd4 58. Qh8+ Kd3 59. Qc8 Ke2 60. Qg4+ Kd2 61. Qd7 Qd4+ 62. Kg2 Qd5+ 63. Kf2 Qd4+ 64. Kg2 Ke1 65. Qxb7 Qf2+ 66. Kh1 Qf1+ 67. Kh2 Qe2+ 68. Kg1 Qe3+ 69. Kg2 Qe2+ 70. Kg1 f3 71. Qb4+ Kd1 72. Qxd6+ Kc2 73. Qxg6+ Kb3 1/2-1/2

[Event "1st Bangalore GM-Open-A 2024"]
[Site "Bangalore"]
[Date "2024.01.23"]
[Round "7.37"]
[White "Liyanage, Ranindu Dilshan"]
[Black "Pujari, Rucha"]
[Result "1-0"]
[ECO "C77"]
[WhiteElo "2366"]
[BlackElo "2181"]
[Annotator "RC"]
[PlyCount "123"]
[EventDate "2024.01.20"]
[EventType "swiss"]
[EventCountry "IND"]
[SourceTitle "playchess.com"]
[Source "ChessBase"]
[SourceQuality "1"]
[TimeControl "5400+30"]

1. e4 e5 2. Nf3 Nc6 3. Bb5 a6 4. Ba4 Nf6 5. Nc3 d6 6. a3 Be7 7. O-O b5 8. Bb3 Bg4 9. h3 Bxf3 10. Qxf3 Nd4 11. Qd1 Nxb3 12. cxb3 c5 13. d3 h6 14. f4 O-O 15. Qf3 b4 16. axb4 cxb4 17. Nd1 d5 18. fxe5 dxe4 19. Qg3 Nh5 20. Qg4 exd3 21. Be3 g6 22. Bxh6 Bc5+ 23. Ne3 Qd4 24. Qxd4 Bxd4 25. Rad1 Rfd8 26. g4 Ng3 27. Rf3 Ne4 28. Kg2 Bxe5 29. Nc4 Bh8 30. Rfxd3 Rxd3 31. Rxd3 Nc5 32. Rf3 Rd8 33. Bd2 a5 34. Bg5 Rd3 35. Nxa5 Rxf3 36. Kxf3 Bxb2 37. Be7 Na6 38. Ke4 f6 39. Bd6 Kf7 40. Kd5 f5 41. gxf5 gxf5 42. Nc4 Bc1 43. Ne5+ Kf6 44. Nd3 Bd2 45. Kc6 Be3 46. Kb5 Ke6 47. Bh2 Kd5 48. Kxa6 Kd4 49. Nxb4 Bd2 50. Kb5 f4 51. Bg1+ Kc3 52. Ka4 f3 53. Bf2 Bh6 54. Nd5+ Kd3 55. Nf6 Bf8 56. b4 Ke2 57. Ng4 Kf1 58. b5 Kg2 59. h4 Bd6 60. h5 Bg3 61. h6 Bxf2 62. Nxf2 1-0

[Event "1st Bangalore GM-Open-A 2024"]
[Site "Bangalore"]
[Date "2024.01.23"]
[Round "7.38"]
[White "Sathvik Adiga"]
[Black "Moksh Amit Doshi"]
[Result "1/2-1/2"]
[ECO "B44"]
[WhiteElo "2142"]
[BlackElo "2355"]
[Annotator "RC"]
[PlyCount "132"]
[EventDate "2024.01.20"]
[EventType "swiss"]
[EventCountry "IND"]
[SourceTitle "playchess.com"]
[Source "ChessBase"]
[SourceQuality "1"]
[TimeControl "5400+30"]

1. e4 c5 2. Nf3 e6 3. d4 cxd4 4. Nxd4 Nc6 5. Bf4 d6 6. Nxc6 bxc6 7. c4 e5 8. Bg3 Nf6 9. Nc3 Qb6 10. Qd2 Be7 11. Be2 O-O 12. O-O Be6 13. b3 Nd7 14. Kh1 Rad8 15. Rad1 Nc5 16. f3 a5 17. Bf2 Qb4 18. Qc2 f5 19. Bxc5 Qxc5 20. exf5 Rxf5 21. Bd3 Rh5 22. Ne4 Qe3 23. Ng3 Rh6 24. Bf5 Qf4 25. Bxe6+ Rxe6 26. Qe4 Bg5 27. Rfe1 Qxe4 28. fxe4 g6 29. Rd3 Rb8 30. Red1 Be7 31. Nf1 Kf7 32. Ne3 Ke8 33. Kg1 Rb4 34. a3 Rb8 35. c5 dxc5 36. Nc4 Bd8 37. Rd7 Re7 38. Rxe7+ Bxe7 39. Nxa5 Rb5 40. Nxc6 Rxb3 41. Nxe7 Kxe7 42. Rd5 c4 43. Rc5 c3 44. a4 Kd6 45. Rc4 Rb1+ 46. Kf2 Rb2+ 47. Kf3 c2 48. a5 h5 49. a6 Ra2 50. a7 Ra3+ 51. Kf2 Rxa7 52. Rxc2 Ra4 53. Ke3 Ra3+ 54. Ke2 g5 55. Rd2+ Ke6 56. Rb2 Ra6 57. h3 Kf6 58. Rb3 g4 59. hxg4 hxg4 60. Rb4 Ra3 61. Rb5 g3 62. Rc5 Kg5 63. Rxe5+ Kf4 64. Rd5 Kxe4 65. Rd2 Ra1 66. Rb2 Ra4 1/2-1/2

[Event "1st Bangalore GM-Open-A 2024"]
[Site "Bangalore"]
[Date "2024.01.23"]
[Round "7.39"]
[White "Pattnayak Nilsu"]
[Black "Laxman, R.R."]
[Result "0-1"]
[ECO "C67"]
[WhiteElo "1987"]
[BlackElo "2338"]
[Annotator "RC"]
[PlyCount "140"]
[EventDate "2024.01.20"]
[EventType "swiss"]
[EventCountry "IND"]
[SourceTitle "playchess.com"]
[Source "ChessBase"]
[SourceQuality "1"]
[TimeControl "5400+30"]

1. e4 e5 2. Nf3 Nc6 3. Bb5 Nf6 4. O-O Nxe4 5. Re1 Nd6 6. Bxc6 dxc6 7. Nxe5 Be7 8. d4 O-O 9. Nd2 Be6 10. Ndf3 a5 11. a4 Re8 12. b3 Nf5 13. Bb2 Bb4 14. c3 Bd6 15. Qc2 f6 16. Nc4 Qd7 17. Nxd6 cxd6 18. c4 d5 19. c5 Bf7 20. Rxe8+ Rxe8 21. Re1 g5 22. Rxe8+ Bxe8 23. h3 Qe6 24. Bc3 h5 25. Qd1 h4 26. Qe1 Qxe1+ 27. Nxe1 Bh5 28. f3 Kf7 29. Kf2 Bg6 30. Nc2 Ng7 31. Ne3 Ne6 32. Ke2 Ke7 33. Kd2 Bb1 34. Kc1 Bd3 35. Kd2 Ba6 36. Nf5+ Kf7 37. Ke1 Nf4 38. Ne3 Ne2 39. Bxa5 Nxd4 40. b4 Ne6 41. Nf5 Bc4 42. Nd6+ Ke7 43. Nxb7 Bb3 44. b5 Bxa4 45. b6 Kd7 46. Bb4 Bb5 47. Nd6 Ba6 48. Nf5 Nf4 49. Bc3 Nxg2+ 50. Kf2 Nf4 51. Bxf6 Ke6 52. Bxg5 Nxh3+ 53. Ke3 Nxg5 54. Nxh4 Kf6 55. f4 Ne6 56. Nf3 Nxc5 57. Ne5 Bb7 58. Kd4 Ne6+ 59. Ke3 c5 60. Ng4+ Ke7 61. f5 d4+ 62. Kd3 Nf4+ 63. Kc4 Kd6 64. f6 Ba6+ 65. Kb3 Ke6 66. Nf2 c4+ 67. Kc2 Bb7 68. Ng4 Be4+ 69. Kd2 c3+ 70. Kc1 Ne2+ 0-1

[Event "1st Bangalore GM-Open-A 2024"]
[Site "Bangalore"]
[Date "2024.01.23"]
[Round "7.40"]
[White "Jain Kashish Manoj"]
[Black "Dhananjay S"]
[Result "1-0"]
[ECO "B12"]
[WhiteElo "2334"]
[BlackElo "2151"]
[Annotator "RC"]
[PlyCount "105"]
[EventDate "2024.01.20"]
[EventType "swiss"]
[EventCountry "IND"]
[SourceTitle "playchess.com"]
[Source "ChessBase"]
[SourceQuality "1"]
[TimeControl "5400+30"]

1. e4 c6 2. d4 d5 3. e5 c5 4. Nf3 cxd4 5. Qxd4 Nc6 6. Qf4 e6 7. Bd3 Nb4 8. Nc3 Nxd3+ 9. cxd3 Ne7 10. Bd2 Nc6 11. O-O Be7 12. Qg3 Rg8 13. a3 Bd7 14. Rac1 Qb6 15. b4 Nd4 16. Nxd4 Qxd4 17. Ne2 Qb6 18. Bg5 Bxg5 19. Qxg5 a5 20. Rb1 h6 21. Qf4 Qa6 22. bxa5 Qxd3 23. Rxb7 Rd8 24. Nd4 g5 25. Qe3 Qa6 26. Rfb1 Rc8 27. Qd2 Qc4 28. g3 h5 29. h3 h4 30. g4 Ke7 31. Ra7 Rgd8 32. Qxg5+ Kf8 33. Qh6+ Kg8 34. Qg5+ Kf8 35. Qxh4 Qxd4 36. Rxd7 Rxd7 37. Qh8+ Ke7 38. Qxc8 Qxe5 39. Qc5+ Kf6 40. a6 Rc7 41. Qf8 Kg6 42. Qg8+ Kh6 43. Qd8 Qf4 44. Qh8+ Kg6 45. Re1 d4 46. Qg8+ Kh6 47. Qh8+ Kg6 48. Qg8+ Kh6 49. Qf8+ Kh7 50. Qb8 d3 51. a7 d2 52. Rf1 Qc4 53. a8=Q 1-0